 Dungeon Crawl Stone Soup version 0.29.0-4-gdea44cf6ec (webtiles) character file.

Game seed: 8897176978538808437

99 qw the Chopper (level 4, -12/36 HPs)
             Began as a Barachi Chaos Knight on Sept 7, 2022.
             Mangled by a chaos spawn (14 damage)
             ... summoned by Xom
             ... on level 2 of the Dungeon.
             The game lasted 00:00:29 (1359 turns).

qw the Chopper (Barachi Chaos Knight)               Turns: 1359, Time: 00:00:29

Health: -12/36     AC:  4    Str: 15    XL:     4   Next: 72%
Magic:  4/4        EV:  6    Int: 13    God:
Gold:   85         SH:  0    Dex: 11    Spells: 3/3 levels left

rFire   . . .      SeeInvis .   Y - +0 hand axe (chaos)
rCold   . . .      Faith    .   (no shield)
rNeg    . . .      Spirit   .   k - +0 chain mail
rPois   .          Reflect  .   (no helmet)
rElec   .          Harm     .   (no cloak)
rCorr   .          Rampage  .   (no gloves)
Will    .....                   (no boots)
Stlth   ..........              (no amulet)
HPRegen 0.12/turn               (no ring)
MPRegen 0.09/turn               (no ring)

@: corroded, slow
A: amphibious, slowness 1, strong legs 1, +LOS
a: Hop


You were on level 2 of the Dungeon.
You visited 1 branch of the dungeon, and saw 2 of its levels.

You collected 85 gold pieces.


Innate Abilities, Weirdness & Mutations

You are amphibious.
You cover ground slowly.
You can hop short distances.
You have an extended range of vision and can be seen from far away.


   Skills:
 - Level 3.6 Fighting
 + Level 5.8 Axes
 - Level 2.4 Armour
 - Level 1.1 Dodging


You had 3 spell levels left.
You didn't know any spells.
Your spell library was empty.

Inventory:

Hand Weapons
 f - a +0 club
 Y - a +0 hand axe of chaos (weapon)
Armour
 k - a +0 chain mail (worn)
Jewellery
 a - a ring of protection from cold
 d - a ring of poison resistance
Scrolls
 b - a scroll of identify
 h - a scroll of fear {unknown}
Potions
 e - 2 potions of curing {unknown}
 g - a potion of flight {unknown}
 l - a potion of attraction {unknown}
 m - a potion of mutation {unknown}
Miscellaneous
 c - a piece from Xom's chessboard (15/15)

Dungeon Overview and Level Annotations

Branches:
Dungeon (2/15)

Altars:


Message History

The rust devil is lightly wounded.
You hit the quasit but do no damage. You closely miss the hellwing.
You barely miss the quasit.
You hit the chaos spawn but do no damage.
You closely miss the quasit. The quasit bites you.
The quasit claws you but does no damage. x2
The quasit bites you. The quasit claws you. The quasit barely misses you.
The quasit bites you but does no damage.
The quasit claws you but does no damage. x2
The hellwing completely misses you. The hellwing hits you.
The rust devil hits you. The rust devil corrodes you!
The chaos spawn hits you but does no damage.
You hit the rust devil but do no damage.
The rust devil appears confused.
The rust devil is lightly wounded.
You completely miss the chaos spawn. You barely miss the quasit.
You hit the quasit but do no damage.
The quasit evaporates and reforms as an iron imp!
You hit the hellwing but do no damage. You barely miss the quasit.
The quasit bites you but does no damage.
The quasit barely misses you.
The quasit claws you but does no damage.
The quasit barely misses you.
The quasit claws you but does no damage. x2
The hellwing hits you! The hellwing hits you.
The chaos spawn completely misses you.
The rust devil hits the ufetubus.
The rust devil corrodes the ufetubus!
The rust devil barely misses itself.
You hit the rust devil but do no damage.
You punch the rust devil, but do no damage.
The rust devil is lightly wounded.
You hit the iron imp but do no damage. You barely miss the hellwing.
You hit the quasit but do no damage. You closely miss the chaos spawn.
You hit the quasit but do no damage.
The quasit bites you but does no damage.
The quasit claws you. The quasit barely misses you. x2
The quasit claws you but does no damage. x2
The iron imp barely misses you. The chaos spawn gores you!
You die...
Xom chuckles heartily!

......# #...#
#####.# #.#.# ##
#.# #.#.#
.####.#####.#.###
................##
.###.............#
## #..####..###45#
# #..####..# #44#
####.#......# #5@#
.##...#####.#
#4555......
....#.......#
##5########
###...####### #.#
##.###########.#
#.............#
###############


You could see a hellwing (summoned), a rust devil (summoned, strong, confused),
2 chaos spawn, an iron imp (summoned), 3 quasits, a white imp (summoned) and an
ufetubus (summoned, corroded).

Vanquished Creatures
  A phantom (D:2)
  An adder (D:2)
  2 goblins
  2 hobgoblins (D:1)
  A kobold (D:1)
  2 ball pythons (D:1)
  3 bats
  2 frilled lizards (D:1)
  A rat (D:1)
15 creatures vanquished.

Vanquished Creatures (collateral kills)
  A bat (D:1)
  A frilled lizard (D:1)
2 creatures vanquished.

Grand Total: 17 creatures vanquished

Notes
Turn   | Place    | Note
-------+----------+-------------------------------------------
     0 | D:1      | qw the Barachi Chaos Knight began the quest for the Orb.
     0 | D:1      | Reached XP level 1. HP: 18/18 MP: 1/1
     0 | D:1      | 0 ||| qw: Version: 0.1-a-108-g9e35731
     0 | D:1      | 0 ||| qw: Game counter: 6476
     0 | D:1      | 0 ||| qw: Always use a shield: true
     0 | D:1      | 0 ||| qw: God list: Okawaru
     0 | D:1      | 0 ||| qw: Allow faded altars: false
     0 | D:1      | 0 ||| qw: Do Orc after D:15 true
     0 | D:1      | 0 ||| qw: Do second Lair branch before Depths: true
     0 | D:1      | 0 ||| qw: Lair rune preference: random
     0 | D:1      | 0 ||| qw: Plans: Normal
     0 | D:1      | 0 ||| PLANNING D:1-11
     0 | D:1      | Fell from the grace of Xom
   244 | D:1      | Reached XP level 2. HP: 24/24 MP: 2/2
   442 | D:1      | Reached skill level 4 in Axes
   670 | D:1      | XOM: divination: detect items
   749 | D:1      | 749 ||| UPGRADING to +0 scale mail.
   759 | D:1      | 759 ||| DROPPING +2 leather armour.
   760 | D:1      | 760 ||| UPGRADING to +0 chain mail.
   770 | D:1      | 770 ||| DROPPING +0 scale mail.
   771 | D:1      | 771 ||| READING scroll labelled ZERGHA BYGECH.
   772 | D:1      | 772 ||| READING 2 scrolls labelled SIOMO QUMEUN.
   775 | D:1      | 775 ||| READING scroll labelled ESAZUG VIQALO.
   776 | D:1      | 776 ||| READING 2 scrolls labelled AVUQYMPERIPP.
   777 | D:1      | 777 ||| DROPPING scroll of immolation.
   778 | D:1      | 778 ||| READING scroll of teleportation.
   996 | D:2      | Noticed a phantom
  1018 | D:2      | Killed a phantom
  1019 | D:2      | Reached skill level 5 in Axes
  1019 | D:2      | Reached XP level 3. HP: 18/29 MP: 3/3
  1019 | D:2      | Reached XP level 4. HP: 23/36 MP: 4/4
  1355 | D:2      | XOM: summons 10 hostile demons
  1356 | D:2      | Noticed a rust devil
  1356 | D:2      | Noticed a hellwing
  1356 | D:2      | Noticed a chaos spawn
  1356 | D:2      | Noticed a chaos spawn
  1358 | D:2      | HP: 8/36 [hellwing[Xom] (13)]
  1358 | D:2      | HP: 3/36 [hellwing[Xom] (5)]
  1359 | D:2      | Mangled by a chaos spawn

Levels and vault maps discovered:
D:1:      dpeg_arrival_boxes_within_box, layout_loops_ring
D:2:      layout_loops_ring

Skill      XL: |  1  2 |
---------------+-------+-----
Axes           | 5 |  5.8
Fighting       | |  3.6
Armour         | |  2.4
Dodging        | |  1.1

Action                   |  1- 3 |  4- 6 || total
-------------------------+-------+-------++-------
Melee: Hand axe          |    30 |    18 ||    48
       Punch             |       |     1 ||     1
Invok: Renounce Religion |     1 |       ||     1
  Use: Scroll            |     5 |       ||     5
Armor: Leather armour    |     3 |       ||     3
       Chain mail        |    13 |    19 ||    32
Dodge: Dodged            |    17 |    12 ||    29

Table legend:
 A = Non-vault XP
 B = Vault XP
 C = Vault XP percentage of total XP
 D = Non-vault monster count
 E = Vault monster count
 F = Vault count percentage of total count
                 A         B        C        D         E       F
            +---------+---------+-------+---------+---------+-------
      Total |     142 |       0 |   0.0 |      17 |       0 |   0.0
            +---------+---------+-------+---------+---------+-------
        D:1 |      17 |       0 |   0.0 |      12 |       0 |   0.0
        D:2 |     125 |       0 |   0.0 |       5 |       0 |   0.0
            +---------+---------+-------+---------+---------+-------
